[ AOE2 MATCH · #494913288 ]
UnrankedGoths vs Franks
Player's team · WIN
Rival team · LOSS
[ REPLAY ANALYSIS · EXTRACTED FROM THE RECORDED GAME ]
Feudal
10:19
Castle
23:47
Imperial
—
| APM avg | 67.0 |
| APM peak | 110 |
| eAPM avg | 30.3 |
| Villagers / military | 181 / 120 |
Focus
⚔️ 34.3% · 🌾 65.7%
Militia ×76 · Spearman ×36 · Monk ×4 · Battering Ram ×4
Feudal
10:52
Castle
32:56
Imperial
—
| APM avg | 48.3 |
| APM peak | 86 |
| eAPM avg | 20.1 |
| Villagers / military | 81 / 33 |
Focus
⚔️ 25.1% · 🌾 74.9%
Throwing Axeman ×19 · Scout Cavalry ×7 · Monk ×5 · Knight ×2
Match map
Initial resources + every placement click. Lines = walls · curves = elevation contours. ◆ gold · ⬟ stone · ● berries · ✦ relic · ◌ wall gap
Your base· ✓ Closed at 23:47 · 65t walls · 3 gate(s)
hK | triunFo's base· Open — opponent sealed themselves in
Smoothed initial terrain · ◌ = detected wall gap · hover for details
Inputs per minute
— Mascherano014 - - hK | triunFo
Build order — Mascherano014
First 150 of 419 actions detected
| 0:00 | Research | Loom |
| 0:01 | Create | Villager (Male) |
| 0:01 | Create | Villager (Male) |
| 0:01 | Create | Villager (Male) |
| 0:02 | Build | House |
| 0:04 | Build | House |
| 0:07 | Create | Villager (Male) |
| 0:07 | Create | Villager (Male) |
| 1:37 | Create | Villager (Male) |
| 1:50 | Build | Palisade Wall |
| 1:51 | Build | Palisade Wall |
| 1:52 | Build | Palisade Wall |
| 1:54 | Build | Palisade Wall |
| 2:00 | Create | Villager (Male) |
| 2:01 | Create | Villager (Male) |
| 2:30 | Build | Palisade Wall |
| 2:37 | Build | Palisade Wall |
| 2:40 | Build | Palisade Wall |
| 2:44 | Create | Villager (Male) |
| 2:47 | Create | Villager (Male) |
| 2:47 | Create | Villager (Male) |
| 3:00 | Create | Villager (Male) |
| 3:01 | Create | Villager (Male) |
| 3:15 | Create | Villager (Male) |
| 3:16 | Create | Villager (Male) |
| 4:09 | Build | Lumber Camp |
| 4:15 | Create | Villager (Male) |
| 4:15 | Create | Villager (Male) |
| 4:32 | Create | Villager (Male) |
| 4:35 | Create | Villager (Male) |
| 4:35 | Create | Villager (Male) |
| 4:46 | Build | House |
| 5:00 | Create | Villager (Male) |
| 5:26 | Build | House |
| 5:35 | Create | Villager (Male) |
| 5:35 | Create | Villager (Male) |
| 5:39 | Create | Villager (Male) |
| 5:39 | Create | Villager (Male) |
| 5:54 | Create | Villager (Male) |
| 5:54 | Create | Villager (Male) |
| 5:55 | Create | Villager (Male) |
| 6:29 | Create | Villager (Male) |
| 6:30 | Create | Villager (Male) |
| 6:36 | Create | Villager (Male) |
| 6:36 | Create | Villager (Male) |
| 6:49 | Build | Barracks |
| 7:12 | Build | House |
| 7:13 | Create | Villager (Male) |
| 7:20 | Create | Villager (Male) |
| 7:33 | Create | Villager (Male) |
| 7:55 | Build | Mining Camp |
| 8:03 | Research | Feudal Age |
| 8:19 | Create | Militia |
| 8:19 | Create | Militia |
| 8:40 | Create | Militia |
| 8:40 | Create | Militia |
| 8:50 | Build | Mill |
| 8:58 | Create | Militia |
| 9:04 | Build | House |
| 9:14 | Create | Militia |
| 9:15 | Create | Militia |
| 9:32 | Create | Militia |
| 9:46 | Create | Militia |
| 9:50 | Build | House |
| 9:53 | Build | House |
| 9:54 | Build | Palisade Wall |
| 10:05 | Create | Villager (Male) |
| 10:19 | Age | Feudal Age |
| 10:24 | Research | Man-at-Arms (upgrade) |
| 10:29 | Build | Farm |
| 10:48 | Create | Villager (Male) |
| 10:52 | Build | Farm |
| 10:52 | Build | Farm |
| 11:08 | Create | Villager (Male) |
| 11:40 | Create | Villager (Male) |
| 11:41 | Build | Farm |
| 11:42 | Create | Villager (Male) |
| 11:57 | Create | Spearman |
| 12:25 | Create | Villager (Male) |
| 12:25 | Create | Villager (Male) |
| 12:26 | Create | Villager (Male) |
| 12:27 | Build | House |
| 12:33 | Build | Farm |
| 12:46 | Build | House |
| 12:53 | Create | Villager (Male) |
| 12:57 | Build | House |
| 12:57 | Build | Palisade Wall |
| 12:58 | Build | Palisade Wall |
| 13:04 | Create | Villager (Male) |
| 13:15 | Research | Double-Bit Axe |
| 13:15 | Research | Double-Bit Axe |
| 13:23 | Create | Spearman |
| 13:36 | Create | Villager (Male) |
| 13:41 | Create | Villager (Male) |
| 13:43 | Build | Farm |
| 13:56 | Create | Villager (Male) |
| 13:56 | Create | Villager (Male) |
| 14:01 | Build | House |
| 14:05 | Create | Villager (Male) |
| 14:10 | Create | Spearman |
| 14:20 | Build | Palisade Wall |
| 14:27 | Create | Villager (Male) |
| 14:29 | Build | Farm |
| 14:30 | Build | Farm |
| 14:30 | Create | Villager (Male) |
| 14:34 | Create | Spearman |
| 14:52 | Build | House |
| 14:54 | Build | Palisade Wall |
| 14:58 | Create | Villager (Male) |
| 15:00 | Build | Farm |
| 15:19 | Create | Spearman |
| 15:29 | Create | Villager (Male) |
| 15:31 | Build | Farm |
| 15:33 | Create | Villager (Male) |
| 15:54 | Create | Villager (Male) |
| 15:56 | Build | Farm |
| 16:08 | Create | Villager (Male) |
| 16:10 | Build | Farm |
| 16:11 | Create | Villager (Male) |
| 16:11 | Create | Villager (Male) |
| 16:16 | Build | House |
| 16:26 | Build | Palisade Wall |
| 16:27 | Create | Villager (Male) |
| 16:32 | Create | Spearman |
| 16:32 | Create | Spearman |
| 16:40 | Build | Lumber Camp |
| 16:52 | Create | Spearman |
| 16:53 | Create | Spearman |
| 16:55 | Research | Horse Collar |
| 17:01 | Build | Farm |
| 17:12 | Create | Villager (Male) |
| 17:22 | Create | Spearman |
| 17:35 | Create | Villager (Male) |
| 17:48 | Build | Blacksmith |
| 18:12 | Build | Blacksmith |
| 18:22 | Build | Palisade Wall |
| 18:23 | Build | Palisade Wall |
| 18:26 | Build | Palisade Wall |
| 18:46 | Build | Palisade Gate |
| 18:57 | Create | Villager (Male) |
| 19:09 | Create | Spearman |
| 19:09 | Create | Spearman |
| 19:19 | Build | Market |
| 19:22 | Build | Watch Tower |
| 19:39 | Create | Spearman |
| 19:39 | Create | Spearman |
| 19:49 | Create | Villager (Male) |
| 19:56 | Build | Lumber Camp |
| 20:04 | Create | Villager (Male) |
| 20:10 | Build | Market |
Build order — hK | triunFo
First 150 of 193 actions detected
| 0:00 | Create | Villager (Male) |
| 0:01 | Create | Villager (Male) |
| 0:01 | Create | Villager (Male) |
| 0:02 | Create | Villager (Male) |
| 0:06 | Build | House |
| 1:27 | Create | Villager (Male) |
| 1:47 | Build | House |
| 1:48 | Build | House |
| 2:09 | Create | Villager (Male) |
| 2:10 | Create | Villager (Male) |
| 2:52 | Research | Loom |
| 3:36 | Create | Villager (Male) |
| 3:36 | Create | Villager (Male) |
| 3:58 | Create | Villager (Male) |
| 4:09 | Build | Lumber Camp |
| 4:24 | Create | Villager (Male) |
| 4:59 | Create | Villager (Male) |
| 5:03 | Create | Villager (Male) |
| 5:36 | Build | Mill |
| 5:45 | Create | Villager (Male) |
| 5:45 | Create | Villager (Male) |
| 6:29 | Create | Villager (Male) |
| 6:52 | Create | Villager (Male) |
| 7:07 | Build | House |
| 7:28 | Create | Villager (Male) |
| 7:55 | Build | Palisade Wall |
| 8:04 | Build | House |
| 8:08 | Create | Villager (Male) |
| 8:42 | Research | Feudal Age |
| 9:58 | Build | Barracks |
| 10:08 | Create | Villager (Male) |
| 10:22 | Build | House |
| 10:37 | Build | Palisade Wall |
| 10:52 | Age | Feudal Age |
| 11:11 | Create | Villager (Male) |
| 11:11 | Create | Villager (Male) |
| 11:35 | Build | House |
| 11:43 | Build | House |
| 12:03 | Create | Villager (Male) |
| 12:04 | Create | Villager (Male) |
| 12:29 | Create | Villager (Male) |
| 12:33 | Build | Stable |
| 12:52 | Build | Palisade Wall |
| 12:55 | Create | Scout Cavalry |
| 12:56 | Create | Scout Cavalry |
| 12:56 | Create | Scout Cavalry |
| 12:56 | Create | Scout Cavalry |
| 12:56 | Create | Scout Cavalry |
| 12:58 | Create | Villager (Male) |
| 13:10 | Build | Lumber Camp |
| 13:38 | Create | Villager (Male) |
| 13:39 | Create | Villager (Male) |
| 14:07 | Create | Villager (Male) |
| 14:08 | Create | Villager (Male) |
| 14:08 | Create | Villager (Male) |
| 14:17 | Build | Farm |
| 14:19 | Build | Farm |
| 14:20 | Create | Villager (Male) |
| 14:20 | Create | Villager (Male) |
| 14:51 | Build | Watch Tower |
| 14:53 | Create | Villager (Male) |
| 14:53 | Create | Villager (Male) |
| 14:53 | Create | Villager (Male) |
| 15:33 | Create | Villager (Male) |
| 15:33 | Create | Villager (Male) |
| 16:30 | Build | Mining Camp |
| 16:54 | Create | Villager (Male) |
| 16:54 | Create | Villager (Male) |
| 17:11 | Build | House |
| 17:16 | Create | Villager (Male) |
| 17:26 | Create | Villager (Male) |
| 17:27 | Create | Scout Cavalry |
| 17:27 | Create | Scout Cavalry |
| 17:53 | Build | Blacksmith |
| 18:00 | Build | Watch Tower |
| 18:12 | Build | Farm |
| 18:14 | Create | Villager (Male) |
| 18:46 | Build | House |
| 18:47 | Build | House |
| 18:54 | Build | Farm |
| 19:09 | Build | Watch Tower |
| 19:14 | Research | Fletching |
| 20:08 | Create | Villager (Male) |
| 20:08 | Create | Villager (Male) |
| 20:11 | Build | Farm |
| 21:03 | Build | Watch Tower |
| 21:47 | Create | Villager (Male) |
| 21:48 | Create | Villager (Male) |
| 21:48 | Create | Villager (Male) |
| 22:59 | Build | Watch Tower |
| 23:01 | Create | Villager (Male) |
| 23:01 | Create | Villager (Male) |
| 23:02 | Create | Villager (Male) |
| 23:09 | Build | Farm |
| 23:10 | Build | Farm |
| 23:11 | Build | Farm |
| 23:12 | Build | Farm |
| 23:13 | Build | Farm |
| 23:14 | Build | Farm |
| 23:32 | Create | Villager (Male) |
| 23:33 | Create | Villager (Male) |
| 23:58 | Create | Villager (Male) |
| 23:59 | Create | Villager (Male) |
| 24:24 | Build | Watch Tower |
| 25:17 | Create | Villager (Male) |
| 25:17 | Create | Villager (Male) |
| 25:17 | Create | Villager (Male) |
| 25:18 | Create | Villager (Male) |
| 25:18 | Create | Villager (Male) |
| 25:37 | Build | Mining Camp |
| 26:26 | Build | Mining Camp |
| 26:27 | Create | Villager (Male) |
| 26:28 | Create | Villager (Male) |
| 26:28 | Create | Villager (Male) |
| 26:38 | Build | House |
| 26:38 | Build | House |
| 26:38 | Build | House |
| 26:48 | Research | Wheelbarrow |
| 26:48 | Research | Wheelbarrow |
| 27:03 | Research | Double-Bit Axe |
| 27:03 | Research | Double-Bit Axe |
| 28:16 | Create | Villager (Male) |
| 28:16 | Create | Villager (Male) |
| 28:17 | Create | Villager (Male) |
| 28:17 | Create | Villager (Male) |
| 28:20 | Build | Market |
| 28:58 | Create | Villager (Male) |
| 30:08 | Build | Watch Tower |
| 30:10 | Build | Farm |
| 30:16 | Research | Castle Age |
| 30:16 | Research | Castle Age |
| 30:34 | Build | Farm |
| 31:16 | Research | Gold Mining |
| 31:51 | Build | House |
| 31:56 | Build | House |
| 32:40 | Build | House |
| 32:50 | Build | House |
| 32:56 | Age | Castle Age |
| 32:59 | Create | Villager (Male) |
| 32:59 | Create | Villager (Male) |
| 32:59 | Create | Villager (Male) |
| 33:03 | Create | Knight |
| 33:03 | Create | Knight |
| 33:07 | Build | Town Center |
| 33:20 | Build | Town Center |
| 33:52 | Build | Castle |
| 34:56 | Create | Villager (Male) |
| 34:56 | Create | Villager (Male) |
| 34:56 | Create | Villager (Male) |
| 34:56 | Create | Villager (Male) |
Match timeline
| 1:50 | Mascherano014 · wall_segment Palisade Wall x1 |
| 1:51 | Mascherano014 · wall_segment Palisade Wall x1 |
| 1:52 | Mascherano014 · wall_segment Palisade Wall x1 |
| 1:54 | Mascherano014 · wall_segment Palisade Wall x1 |
| 2:30 | Mascherano014 · wall_segment Palisade Wall x1 |
| 2:37 | Mascherano014 · wall_segment Palisade Wall x1 |
| 2:40 | Mascherano014 · wall_segment Palisade Wall x1 |
| 6:49 | Mascherano014 · first_building Barracks |
| 7:55 | hK | triunFo · wall_segment Palisade Wall x7 |
| 9:54 | Mascherano014 · wall_segment Palisade Wall x1 |
| 9:58 | hK | triunFo · first_building Barracks |
| 10:19 | Mascherano014 · age_up feudal |
| 10:37 | hK | triunFo · wall_segment Palisade Wall x11 |
| 10:52 | hK | triunFo · age_up feudal |
| 12:33 | hK | triunFo · first_building Stable |
| 12:52 | hK | triunFo · wall_segment Palisade Wall x1 |
| 12:57 | Mascherano014 · wall_segment Palisade Wall x3 |
| 12:58 | Mascherano014 · wall_segment Palisade Wall x3 |
| 14:20 | Mascherano014 · wall_segment Palisade Wall x6 |
| 14:54 | Mascherano014 · wall_segment Palisade Wall x8 |
| 16:26 | Mascherano014 · wall_segment Palisade Wall x10 |
| 18:22 | Mascherano014 · wall_segment Palisade Wall x6 |
| 18:23 | Mascherano014 · wall_segment Palisade Wall x5 |
| 18:26 | Mascherano014 · wall_segment Palisade Wall x4 |
| 20:45 | Mascherano014 · wall_segment Palisade Wall x1 |
| 20:47 | Mascherano014 · wall_segment Palisade Wall x1 |
| 20:49 | Mascherano014 · wall_segment Palisade Wall x1 |
| 20:51 | Mascherano014 · wall_segment Palisade Wall x1 |
| 20:53 | Mascherano014 · wall_segment Palisade Wall x1 |
| 21:21 | Mascherano014 · wall_segment Palisade Wall x10 |
| 23:07 | Mascherano014 · first_market_buy 100 stone |
| 23:47 | Mascherano014 · age_up castle |
| 23:56 | Mascherano014 · first_market_sell 100 wood |
| 27:03 | Mascherano014 · wall_segment Palisade Wall x3 |
| 29:50 | hK | triunFo · first_market_buy 100 food |
| 29:51 | hK | triunFo · first_market_sell 100 wood |
| 30:51 | Mascherano014 · wall_segment Palisade Wall x1 |
| 31:24 | Mascherano014 · wall_segment Palisade Wall x7 |
| 31:54 | Mascherano014 · first_building Siege Workshop |
| 32:56 | hK | triunFo · age_up castle |
| 33:52 | hK | triunFo · first_building Castle |
| 35:04 | Mascherano014 · first_building Monastery |
| 37:33 | hK | triunFo · first_building Monastery |
| 37:36 | Mascherano014 · first_building Castle |
| 39:27 | hK | triunFo · resign |
[ AI ANALYSIS · 1 CREDIT ]
What really happened in this match?
Wolo.gg analyzes every decision: build order, eco, micro, common mistakes by bracket. Personalized analysis on WhatsApp or Discord in 30 seconds.
Civ guide
Goths
Perfil
CeCa_Mascherano014